 Dungeon Crawl Stone Soup version 0.27.1-37-g7b29ead8ac (console) character file.

Game seed: 4615090380726482709

167 grimtooth the Scratcher (level 5, -4/22 HPs)
             Began as a Felid Transmuter on Apr 22, 2023.
             Killed by nerve-wracking pain
             ... invoked by an orc priest
              (11 damage)
             ... on level 4 of the Dungeon.
             The game lasted 00:17:57 (5535 turns).

grimtooth the Scratcher (Felid Transmuter)          Turns: 5535, Time: 00:17:57

Health: -4/22      AC:  1    Str:  6    XL:     5   Next: 23%
Magic:  9/9        EV: 17    Int: 16    God:
Gold:   253        SH:  0    Dex: 16    Spells: 7/8 levels left
                                        Lives:  0   Deaths: 1

rFire    . . .     SeeInvis +     - Unarmed
rCold    . . .     Faith    .   (shield unavailable)
rNeg     . . .     Spirit   .   (armour unavailable)
rPois    .         Reflect  .   (helmet unavailable)
rElec    .         Harm     .   (cloak unavailable)
rCorr    .         Rampage  .   (gloves unavailable)
Will     +....                  (boots unavailable)
Stlth    +++.......             (no amulet)
HPRegen  0.07/turn              f - ring of willpower
MPRegen  0.11/turn              (no ring)

@: appendages, quick
A: horns 2, very small, claws 1, fangs 3, see invisible, speed 1, shaggy fur 1,
stealthy paws, no weapons or thrown items, no armour, multi-lived
a: End Transformation


You were on level 4 of the Dungeon.
You had temporarily grown beastly horns.
You visited 1 branch of the dungeon, and saw 4 of its levels.

You collected 253 gold pieces.

Inventory:

Jewellery
 f - a ring of willpower (left paw)
Wands
 k - a wand of paralysis (5)
Scrolls
 c - a scroll of silence {unknown}
 d - 2 scrolls of teleportation {unknown}
 e - a scroll of fear {unknown}
 g - a scroll of noise {unknown}
 h - a scroll of magic mapping {unknown}
 i - a scroll of amnesia {unknown}
Potions
 b - a potion of curing
 l - a potion of mutation
 m - a potion of cancellation {unknown}


   Skills:
 - Level 1.0 Fighting
 - Level 2.7 Dodging
 + Level 3.9 Stealth
 * Level 5.1 Unarmed Combat
 - Level 2.0 Spellcasting
 + Level 3.8 Transmutations


You had 7 spell levels left.
You knew the following spells:

 Your Spells              Type           Power      Damage    Failure   Level
a - Beastly Appendage     Tmut           26%        N/A       4%          1

Your spell library contained the following spells:

 Spells                   Type           Power      Damage    Failure   Level
 Wereblood                Tmut           13%        N/A       7%          2
 Apportation              Tloc           2%         N/A       21%         1
 Spider Form              Tmut/Pois      3%         N/A       28%         3
 Tukima's Dance           Hex            1%         N/A       52%         3
 Ice Form                 Ice/Tmut       7%         N/A       67%         4
 Passage of Golubria      Tloc           N/A        N/A       90%         4
 Alistair's Intoxication  Tmut/Pois      4%         N/A       95%         5
 Yara's Violent Unravell  Hex/Tmut       3%         3d4       95%         5
 Invisibility             Hex            0%         N/A       100%        6


Dungeon Overview and Level Annotations

Branches:
Dungeon (4/15)
 Temple: D:4-7

Altars:

Annotations:
D:2 exclusion: door
D:4 exclusion: ogre


Innate Abilities, Weirdness & Mutations

You have temporarily grown beastly horns.
You have sharp claws.
You have razor-sharp teeth.
You have supernaturally acute eyesight. (SInv)
You cover ground quickly. (Speed+)
You are covered in fur. (AC +1)
Your paws help you pounce on unaware monsters.
You are incapable of wielding weapons or throwing items.
You cannot wear armour.
You gain extra lives every three experience levels.


Message History

The orc shouts!
Casting: Beastly Appendage (safe; 4% risk of failure)
Confirm with . or Enter, or press ? or * to list all spells.
You grow a pair of large bovine horns.
You start resting.
An orc is nearby!
You closely miss the orc. You headbutt the orc.
The orc is severely wounded.
The orc hits you with a +0 short sword.
You completely miss the orc. You headbutt the orc.
You kill the orc!
You start resting.
Your transformation is almost over.
You start resting.
Your horns disappear.
You start resting.
HP restored.
Things that are here:
a +0 short sword; a +0 leather armour
Casting: Beastly Appendage (safe; 4% risk of failure)
Confirm with . or Enter, or press ? or * to list all spells.
You grow a pair of large bovine horns.
The orc priest shouts!
The orc priest looks satisfied for a moment.
The orc priest barely misses you. The orc priest barely misses you.
You claw the orc priest!
The orc priest is heavily wounded.
You barely miss the orc priest.
The orc priest is heavily wounded.
The orc priest invokes the aid of Beogh against you.
Beogh smites you!
Ouch! That really hurt!
* * * LOW HITPOINT WARNING * * *
You scratch the orc priest.
The orc priest is severely wounded.
The orc priest invokes the aid of Beogh against you.
Pain shoots through your body!
Ouch! That really hurt!
You die...

##.#...( ######
##..(#... .....###
###.##..### .......##
##..####...#
........##
##..######...
.........##
##..####......
..........##
##..####.......
...........###
##..####........
.............#####.###
#.........
...............##.##
#.........
...............o@##
#.........
..............#.##
##........
.............##.####
#........
............###.#..##
##..o..o)
............# #.....##
##...... ...........##
#......## #<.....
..........##
##.......## ##.....
.........##
##.........## ##....
##########
#...........## #####
##............# # ##
#.............#


You could see an orc priest.

Vanquished Creatures
  A bullfrog (D:3)
  2 orc priests (D:3)
  4 adders
  4 dart slugs
  7 orcs
  6 bats
  4 endoplasms
  4 giant cockroaches
  11 goblins
  A hobgoblin (D:4)
  5 jackals
  6 kobolds
  2 quokkas
  A ball python (D:1)
  2 frilled lizards
  8 rats
68 creatures vanquished.

Notes
Turn   | Place    | Note
-------+----------+-------------------------------------------
     0 | D:1      | grimtooth the Felid Transmuter began the quest for the Orb.
     0 | D:1      | Reached XP level 1. HP: 9/9 MP: 4/4
   304 | D:1      | Reached skill level 1 in Stealth
   304 | D:1      | Reached XP level 2. HP: 12/12 MP: 4/6
   989 | D:1      | Reached XP level 3. HP: 15/15 MP: 5/7
  1754 | D:2      | Found a faded altar of an unknown god.
  2095 | D:3      | Noticed a bullfrog
  2106 | D:3      | Killed a bullfrog
  2107 | D:3      | Reached skill level 4 in Unarmed Combat
  2107 | D:3      | Reached XP level 4. HP: 13/19 MP: 6/8
  2817 | D:3      | Reached XP level 5. HP: 22/22 MP: 7/9
  3550 | D:3      | HP: 1/22 [poisoned by an adder]
  3551 | D:3      | Succumbed to an adder's poison
  3552 | D:3      | Reached XP level 4. HP: 0/19 MP: 8/8
  3947 | D:4      | Noticed an ogre
  4773 | D:4      | - that is way too many priests
  5066 | D:3      | - not good
  5072 | D:3      | Reached skill level 5 in Unarmed Combat
  5072 | D:3      | Reached XP level 5. HP: 7/22 MP: 9/9
  5535 | D:4      | Killed from afar by an orc priest

Illustrated notes ..o..o. #..........# ....... ##........#...# ...o... ##....>....####. ....... #...........## .o..o.. ##............## ....... #..............# ....... ##..............## ......# #>...............# .....## ##................# (...## #................## ....# #.......@.......## ##### ##..............## ## #..............## .#######.........<...## .....##.....<.(....### .........##.......## .........###....### ........######.## ..........###### .............. .............. Turn 4773 on D:4: - that is way too many priests

###...#####.###.#...####.........
.......................+.........
......#########.#...####.........
###..## #.##.## ##.......# #<##
##.#### ##.....## ##.#### ##...##
##...## ##.#...# #.....## ##+##
#.##...# #).....# #.# ##.#...#
#......# #.# ##.#.## ##.oo#.#####
##.## #####.# #..@....#.####...##
.# #.# #.###.#..#.##.....## .#
#.# #.# #.#.#........... .####.#
#.# #.....##.##.#### ......# #.#
###.###.###.# #######
#.#####..#.## #.# #..>....#.##
#.# ############ #.# #.....# #.#
#.###.# #.# #.###†# #.#


Turn 5066 on D:3: - not good

Levels and vault maps discovered:
D:1:      tarquinn_simple_flora_water_c, layout_basic
D:2:      layout_basic, ebering_ecumenical_altar_abandoned, grunt_ministairs_15,
          minmay_joined_circles
D:3:      minmay_wonky_spiral, layout_loops_corners
D:4:      layout_cave_pods

Skill      XL: |  1  2  3  4 |
---------------+-------------+-----
Stealth        | 1 2 3 |  3.9
Unarmed Combat | 4 5 |  5.1
Transmutations | 3 |  3.8
Fighting       | |  1.0
Dodging        | |  2.7
Spellcasting   | |  2.0

Action                   |  1- 3 |  4- 6 || total
-------------------------+-------+-------++-------
Melee: Unarmed           |    78 |    83 ||   161
       Headbutt          |     8 |     6 ||    14
       Punch             |     2 |     2 ||     4
       Bite              |     8 |     5 ||    13
 Cast: Beastly Appendage |    33 |    27 ||    60
Evoke: Wand              |       |     3 ||     3
  Use: Scroll            |       |     3 ||     3
       Potion            |       |     2 ||     2
 Stab: Sleeping          |     6 |     8 ||    14
       Paralysed         |       |     2 ||     2
Armor: Skin              |     5 |     4 ||     9
Dodge: Dodged            |    44 |    47 ||    91
